 Dungeon Crawl Stone Soup version 0.18.1-50-g88ac8fd (webtiles) character file.

1507 Moofe the Gusty (level 8, -11/46 HPs)
             Began as a Tengu Air Elementalist on Oct 20, 2016.
             Mangled by Duvessa
             ... wielding a +1 rapier of electrocution
              (15 damage)
             ... on level 6 of the Dungeon.
             The game lasted 00:26:18 (5944 turns).

Moofe the Gusty (Tengu Air Elementalist)            Turns: 5944, Time: 00:26:19

Health: -11/46     AC:  3    Str: 11    XL:     8   Next: 82%
Magic:  19/24      EV: 24    Int: 15    God:
Gold:   419        SH:  0    Dex: 22    Spells: 4 memorised, 7 levels left

rFire  . . .     SeeInvis .     q - +6 trident of Floods {pierce, rPois Str+2 Stlth+}
rCold  . . .     Gourm    .     a - +1 robe
rNeg   . . .     Faith    .     (no shield)
rPois  +         Spirit   .     (helmet restricted)
rElec  .         Dismiss  .     (no cloak)
rCorr  .         Reflect  .     (no gloves)
SustAt .         Harm     .     (boots unavailable)
MR     .....                    h - amulet of magic regeneration
Stlth  +++++.....               c - +4 ring of evasion
                                k - ring of magical power

@: agile, not resistant to hostile enchantments, quite stealthy
A: beak, talons 3, able to fly 1
a: Fly


You were on level 6 of the Dungeon.
You were not hungry.

You visited 1 branch of the dungeon, and saw 6 of its levels.

You collected 419 gold pieces.

Inventory:

Hand Weapons
 q - the +6 trident of Floods (weapon) {pierce, rPois Str+2 Stlth+}
   (You found it on level 5 of the Dungeon)

   It inflicts extra damage upon your enemies.
   It affects your strength (+2).
   It protects you from poison.
   It makes you more stealthy.
Armour
 a - a +1 robe (worn)
Jewellery
 c - a +4 ring of evasion (right hand)
 d - an uncursed ring of resist corrosion
 g - an uncursed ring of protection from fire
 h - an amulet of magic regeneration (around neck)
 i - an uncursed ring of fire
 k - a ring of magical power (left hand)
 p - an uncursed amulet of harm
Wands
 o - a wand of paralysis (19/24)
 u - a wand of paralysis (12/24)
Scrolls
 e - 2 scrolls of remove curse
 f - a scroll of enchant armour
 j - 6 scrolls of identify
 r - a scroll of teleportation
 t - a scroll of recharging
Potions
 v - 2 potions of curing
Books
 b - a book of Air

   Spells                             Type                      Level
   a - Shock                          Conjuration/Air              1
   b - Swiftness                      Charms/Air                   2
   c - Repel Missiles                 Charms/Air                   2
   d - Static Discharge               Conjuration/Air              3
   e - Lightning Bolt                 Conjuration/Air              5
Comestibles
 l - 3 beef jerkies
 m - a slice of pizza
 n - 3 meat rations


   Skills:
 + Level 3.1 Fighting
 * Level 3.8 Polearms
 + Level 3.0 Armour
 + Level 4.1 Dodging
 + Level 3.8 Stealth
 * Level 4.0 Spellcasting
 * Level 6.0 Conjurations
 * Level 7.2 Air Magic


You had 7 spell levels left.
You knew the following spells:

 Your Spells              Type           Power        Failure   Level  Hunger
a - Shock                 Conj/Air       ###.         1%          1    None
b - Repel Missiles        Chrm/Air       ##....       8%          2    ##.....
c - Swiftness             Chrm/Air       ##......     8%          2    ##.....
d - Static Discharge      Conj/Air       ###.....     3%          3    ###....


Dungeon Overview and Level Annotations

Branches:
Dungeon (6/15)             Temple (0/1) D:6

Altars:
Dithmenos
Fedhas
Nemelex Xobeh
Trog
Xom
The Shining One

Annotations:
D:6 Duvessa


Innate Abilities, Weirdness & Mutations

You have a beak for a mouth.
You have claws for feet.
You can fly.


Message History

The zap hits Duvessa.
Duvessa is severely wounded.
Duvessa hits you with a rapier of electrocution!
Duvessa completely misses you.
You barely miss Duvessa.
Duvessa is severely wounded.
Duvessa completely misses you.
You hit Duvessa.
Duvessa is severely wounded.
Duvessa completely misses you.
Duvessa hits you with a rapier of electrocution!
Drink which item? (? for menu, Esc to quit)
You feel agile all of a sudden.
Duvessa hits you with a rapier of electrocution.
You hit Duvessa.
Duvessa is almost dead.
Duvessa hits you with a rapier of electrocution!
* * * LOW HITPOINT WARNING * * *
Duvessa hits you with a rapier of electrocution!
You die...

#
#.#.........#
#
#.##.######.#
# #.##.# #.#
# #.##.# #.#
# #.##.# #.#
# #.##.# #.#
# #[##.# #.#
# #.##.# #.#
# #....# #@#
# ###### #e#
##########
#)#
........>#
#.#
###.######
#.# # #.#
........# #
#.# #########
# #.# #
#.#######


You could see Duvessa (berserk).

Vanquished Creatures
  Grinder (D:3)
  Sigmund (D:2)
  Eustachio (D:5)
  A phantom (D:4)
  3 ogres (D:5)
  A giant frog (D:6)
  A scorpion (D:5)
  Dowan (D:6)
  A centaur zombie (D:5)
  A giant frog skeleton (D:5)
  A hound (D:5)
  A jelly (D:4)
  An iguana (D:5)
  3 orc wizards
  Ijyb (D:2)
  3 worker ants
  7 adders
  A shadow imp (D:5)
  2 oozes
  An adder skeleton (D:4)
  2 worms
  5 dart slugs
  4 giant geckos
  13 orcs
  10 bats
  7 giant cockroaches
  7 goblins
  9 hobgoblins
  15 jackals
  9 kobolds
  A quokka (D:5)
  3 ball pythons
  4 giant newts
  8 rats
130 creatures vanquished.

Notes
Turn   | Place    | Note
--------------------------------------------------------------
     0 | D:1      | Moofe the Tengu Air Elementalist began the quest for the Orb.
     0 | D:1      | Reached XP level 1. HP: 10/10 MP: 4/4
   286 | D:1      | Reached XP level 2. HP: 15/15 MP: 4/6
   298 | D:1      | Learned a level 2 spell: Repel Missiles
   301 | D:1      | Learned a level 2 spell: Swiftness
   572 | D:1      | Reached XP level 3. HP: 20/20 MP: 0/7
  1003 | D:1      | Reached skill level 5 in Air Magic
  1395 | D:1      | Reached XP level 4. HP: 24/24 MP: 6/8
  1538 | D:2      | Found a sparkling altar of Nemelex Xobeh.
  1562 | D:2      | Noticed Ijyb
  1579 | D:2      | Killed Ijyb
  1579 | D:2      | Reached skill level 1 in Fighting
  1949 | D:2      | Noticed Sigmund
  1959 | D:2      | Killed Sigmund
  1959 | D:2      | Reached skill level 1 in Armour
  1959 | D:2      | Gained mutation: You can fly. [Tengu growth]
  1959 | D:2      | Reached XP level 5. HP: 8/30 MP: 1/9
  1959 | D:2      | Reached XP level 6. HP: 10/35 MP: 1/10
  2202 | D:2      | Learned a level 3 spell: Static Discharge
  2653 | D:3      | Found a glowing golden altar of the Shining One.
  2655 | D:3      | Found a shimmering altar of Xom.
  2656 | D:3      | Found a shadowy altar of Dithmenos.
  3056 | D:3      | Noticed Grinder
  3059 | D:3      | Paralysed by Grinder for 3 turns
  3064 | D:3      | Paralysed by Grinder for 2 turns
  3070 | D:3      | Killed Grinder
  3070 | D:3      | Reached skill level 1 in Polearms
  3070 | D:3      | Reached skill level 6 in Air Magic
  3070 | D:3      | Reached XP level 7. HP: 3/40 MP: 12/12
  3371 | D:3      | Found a bloodstained altar of Trog.
  4000 | D:4      | Found a blossoming altar of Fedhas.
  4252 | D:5      | Entered Level 5 of the Dungeon
  4282 | D:5      | Noticed Eustachio
  4320 | D:5      | Killed Eustachio
  4340 | D:5      | Reached XP level 8. HP: 15/45 MP: 11/14
  4654 | D:5      | Reached skill level 5 in Conjurations
  5465 | D:5      | Reached skill level 7 in Air Magic
  5506 | D:5      | Got a scorched trident
  5507 | D:5      | Identified the +6 trident of Floods {pierce, rPois Str+2 Stlth+} (You found it on level 5 of the Dungeon)
  5669 | D:6      | Found a shimmering altar of Xom.
  5692 | D:6      | Found a staircase to the Ecumenical Temple.
  5923 | D:6      | Noticed Dowan
  5925 | D:6      | Noticed Duvessa
  5938 | D:6      | Killed Dowan
  5944 | D:6      | Mangled by Duvessa

Skill      XL: |  1  2  3  4  5  6  7  8 |
---------------+-------------------------+-----
Conjurations   | 2 3 4 6 |  6.0
Air Magic      | 5 6 7 |  7.2
Fighting       | 1 2 3 |  3.1
Armour         | 1 2 3 |  3.0
Polearms       | 1 2 3 |  3.8
Dodging        | 3 4 |  4.1
Spellcasting   | 3 4 |  4.0
Stealth        | 3 |  3.8

Action                   |  1- 3 |  4- 6 |  7- 9 || total
-------------------------+-------+-------+-------++-------
Melee: Dagger            |    13 |     7 |       ||    20
       Unarmed           |     2 |       |       ||     2
       Peck              |     1 |     5 |     5 ||    11
       Kick              |     1 |     2 |     7 ||    10
       Scythe            |       |    22 |    17 ||    39
       Trident           |       |       |     4 ||     4
 Cast: Shock             |    83 |    85 |   203 ||   371
Evoke: Wand              |       |       |     2 ||     2
  Use: Scroll            |       |    10 |     3 ||    13
       Potion            |       |     3 |     5 ||     8
 Stab: Sleeping          |     1 |     1 |       ||     2
       Paralysed         |       |       |     3 ||     3
  Eat: Chunk             |     2 |     3 |     6 ||    11
       Bread ration      |       |     1 |     1 ||     2
Armor: Robe              |     4 |    13 |    14 ||    31
Dodge: Dodged            |    25 |    54 |    78 ||   157
